 Dungeon Sprint DCSS version 0.21.0-3-g78d12a8bdd (webtiles) character file.

99972 Quolop the Conqueror (level 15, -2/174 HPs)
             Began as a Minotaur Fighter on Jan 12, 2018.
             Was the Champion of Makhleb.
             Slain by an emperor scorpion (20 damage)
             ... in the Dungeon (Sprint IX: "|||||||||||||||||||||||||||||").
             The game lasted 00:13:31 (5199 turns).

Quolop the Conqueror (Minotaur Fighter)             Turns: 5199, Time: 00:13:31

Health: -2/174     AC: 28    Str: 30    XL:     15   Next: 42%
Magic:  22/22      EV: 14    Int:  5    God:    Makhleb [******]
Gold:   712        SH:  5    Dex: 12    Spells: 14/14 levels left

rFire    + . .     SeeInvis .   p - +7 lajatang of Order {silver, rMut}
rCold    . . .     Gourm    .   (shield currently unavailable)
rNeg     . . .     Faith    .   C - +0 plate armour
rPois    +         Spirit   .   (helmet restricted)
rElec    .         Reflect  +   R - +0 cloak {rPois}
rCorr    .         Harm     .   z - +0 pair of gloves
rMut     +         NoTele   +   y - +0 pair of boots
MR       ++...                  D - +5 amulet of reflection
Stlth    ..........             B - ring of protection from magic
HPRegen  0.39/turn              F - ring of protection from fire
MPRegen  0.18/turn

@: mighty, hasted, very quick
A: retaliatory headbutt, horns 2
}: 1/15 runes: serpentine
a: Minor Destruction, Lesser Servant of Makhleb, Major Destruction, Greater
Servant of Makhleb, Renounce Religion


You were in the Dungeon.
You worshipped Makhleb.
Makhleb was exalted by your worship.
You were not hungry.

You visited 1 branch You collected 1900 gold pieces.
You spent 1188 gold pieces at shops.

Inventory:

Hand Weapons
 a - a +0 long sword
 p - the +7 lajatang of Order (weapon) {silver, rMut}
   (You found it in the Dungeon)

   It protects you from mutation.
 q - a +2 scimitar of holy wrath
 M - a +1 demon blade of venom
 O - a +4 lajatang of venom
Missiles
 E - a throwing net (quivered)
Armour
 b - a +0 scale mail
 c - a +0 cloak
 r - a +1 chain mail
 x - a +0 cloak
 y - a +0 pair of boots (worn)
 z - a +0 pair of gloves (worn)
 A - a scarf of resistance
 C - a +0 plate armour (worn)
 I - a +1 pair of boots
 N - a +1 shield of cold resistance
 R - a +0 cloak of poison resistance (worn)
Jewellery
 s - a +2 ring of evasion
 t - a +2 ring of protection
 B - a ring of protection from magic (left hand)
 D - a +5 amulet of reflection (around neck)
 F - a ring of protection from fire (right hand)
 G - an uncursed ring of protection from cold
 H - an uncursed ring of protection from fire
 S - a +6 ring of intelligence
 T - a +2 ring of slaying
 U - an uncursed ring of wizardry
 V - a +2 ring of slaying
Wands
 o - a wand of iceblast (10)
Scrolls
 j - a scroll of immolation
 k - 4 scrolls of blinking
 m - 6 scrolls of remove curse
 n - 2 scrolls of amnesia
 v - 6 scrolls of enchant armour
 w - 4 scrolls of enchant weapon
 L - 3 scrolls of fog
 X - 2 scrolls of fear
 Y - a scroll of identify
Potions
 e - 8 potions of curing
 g - a potion of invisibility
 h - 3 potions of haste
 i - 4 potions of magic
 l - 2 potions of heal wounds
 u - 3 potions of agility
 J - a potion of brilliance
 K - a potion of resistance
 P - a potion of lignification {unknown}
 Q - a potion of ambrosia {unknown}
 W - a potion of berserk rage
Comestibles
 f - 12 rations


   Skills:
 O Level 27 Fighting
 + Level 4.8 Long Blades
 - Level 17.3 Staves
 O Level 27 Armour
 + Level 10.3 Dodging
 + Level 8.4 Stealth
 - Level 17.5 Shields
 * Level 11.2 Invocations
 * Level 10.3 Evocations


You had 14 spell levels left.
You didn't know any spells.

Dungeon Overview and Level Annotations

Branches:
Dungeon (1/1)

Altars:
Cheibriados
Dithmenos
Elyvilon
Fedhas
Gozag
Hepliaklqana
Kikubaaqudgha
Makhleb
Nemelex Xobeh
Okawaru
Qazlal
Ru
Sif Muna
Trog
Uskayaw
Vehumet
Wu Jian
Xom
Yredelemnul
Zin
The Shining One
Beogh
Jiyva
Lugonu

Shops:
D [**=


Innate Abilities, Weirdness & Mutations

You reflexively headbutt those who attack you in melee.
You have a pair of horns on your head.


Message History

The emperor scorpion stings you but does no damage.
The emperor scorpion claws you!
* * * LOW HITPOINT WARNING * * *
You block the emperor scorpion's attack.
Things that are here:
a moth of wrath corpse; an emperor scorpion corpse You slice the emperor scorpion!!
The emperor scorpion is moderately wounded.
The emperor scorpion stings you!
* * * LOW HITPOINT WARNING * * *
The emperor scorpion claws you but does no damage.
The emperor scorpion claws you!
* * * LOW HITPOINT WARNING * * *
You slice the emperor scorpion!!
The emperor scorpion is heavily wounded.
The jumping spider leaps!
You cut the emperor scorpion into ribbons!!!
The emperor scorpion is severely wounded.
The emperor scorpion stings you!!
You die...

.▓.▓.▓.▓.▓.▓"▓.▓.▓
)▓.▓)▓.▓.▓.▓.▓.▓.▓
)▓.▓)▓.▓(▓.▓.▓.▓.▓
.▓.▓)▓.▓(▓.▓.▓.▓.▓
)▓.▓)▓.▓(▓.▓.▓.▓.▓
)▓.▓.▓.▓)▓.▓.▓.▓.▓
)▓.▓(▓.▓)▓.▓.▓.▓.▓
)▓.▓.▓.▓[▓.▓.▓.▓†▓
)▓.▓.▓.▓)▓.▓)▓.▓@▓
.▓.▓.▓.▓†▓.▓)▓.▓s▓
.▓.▓.▓.▓)▓.▓)▓.▓y▓
[▓(▓'▓.▓(▓.▓)▓.▓y▓
[▓)▓(▓.▓.▓.▓)▓.▓s▓
.▓(▓)▓.▓.▓.▓)▓.▓§▓
[▓(▓)▓.▓.▓.▓.▓.▓φ▓
[▓.▓.▓.▓.▓.▓.▓.▓.▓
[▓.▓÷▓.▓)▓.▓.▓.▓


You could see an emperor scorpion (berserk), 2 moths of wrath and a jumping
spider.

Vanquished Creatures
  Boris (D)
  Saint Roka (D)
  Xtahua (D)
  Nikola (D)
  Agnes (D)
  A thorn hunter (D)
  8 nagarajas (D)
  A ghost moth (D)
  2 vault wardens (D)
  2 emperor scorpions (D)
  2 frost giants (D)
  2 ironheart preservers (D)
  A stone giant (D)
  A very ugly thing (D)
  Nessos (D)
  An entropy weaver (D)
  An ettin (D)
  A fire dragon (D)
  A merfolk javelineer (D)
  A merfolk impaler (D)
  A great orb of eyes (D)
  2 hydras (D)
  A yaktaur captain (D)
  2 rakshasas (D)
  4 naga warriors (D)
  Harold (D)
  An alligator snapping turtle (D)
  A catoblepas (D)
  2 centaur warriors (D)
  2 ogre magi (D)
  A vampire mage (D)
  A tengu warrior (D)
  A deep troll shaman (D)
  A salamander mystic (D)
  A hell knight (D)
  2 glowing orange brains (D)
  An unseen horror (shapeshifter) (D)
  A flayed ghost (D)
  2 shambling mangroves (D)
  A harpy (D)
  A mana viper (D)
  10 orc knights (D)
  2 necromancers (D)
  An ugly thing (D)
  4 wolf spiders (D)
  A salamander (D)
  A manticore (D)
  2 vault sentinels (D)
  2 guardian serpents (D)
  A moth of wrath (D)
  4 black mambas (D)
  2 naga magi (D)
  3 spiny frogs (D)
  5 yaktaurs (D)
  A rime drake (shapeshifter) (D)
  A rime drake (D)
  A demonic crawler (D)
  A freezing wraith (D)
  3 jumping spiders (D)
  A jumping spider (shapeshifter) (D)
  2 merfolk (D)
  A snapping turtle (D)
  4 hornets (D)
  6 tyrant leeches (D)
  A blink frog (D)
  3 hippogriffs (D)
  4 slime creatures (D)
  A bog body (D)
  A raiju (shapeshifter) (D)
  A redback (shapeshifter) (D)
  2 redbacks (D)
  A wraith (D)
  A tarantella (shapeshifter) (D)
  A shadow (D)
  A yak (D)
  2 vampire mosquitoes (D)
  2 water moccasins (D)
  An acid dragon (D)
  4 porcupines (D)
  15 orc warriors (D)
  A sky beast (D)
  2 wolves (D)
  2 crocodiles (D)
  6 bullfrogs (D)
  A big kobold (D)
  A wight (D)
  A crimson imp (D)
  5 orc priests (D)
  7 orc wizards (D)
  2 worker ants (D)
  A shadow imp (D)
  An adder zombie (D)
  9 orcs (D)
  2 bat skeletons (D)
  A bat zombie (D)
  A goblin (D)
  A jackal (D)
  2 kobolds (D)
  A ball python (D)
  A rat (D)
209 creatures vanquished.

Notes
Turn   | Place    | Note
-------+----------+-------------------------------------------
     0 | D        | Quolop the Minotaur Fighter began the quest for the Orb.
     0 | D        | Reached XP level 1. HP: 19/19 MP: 0/0
    27 | D        | Noticed a worker ant
    27 | D        | Noticed a crimson imp
    29 | D        | Reached XP level 2. HP: 8/28 MP: 1/1
    37 | D        | Reached skill level 5 in Fighting
    37 | D        | Reached skill level 5 in Armour
    37 | D        | Reached skill level 5 in Shields
    37 | D        | Reached XP level 3. HP: 28/36 MP: 2/2
    44 | D        | Reached XP level 4. HP: 35/44 MP: 3/3
    53 | D        | Found a roughly hewn altar of Beogh.
    53 | D        | Found a snail-covered altar of Cheibriados.
    53 | D        | Found a shadowy altar of Dithmenos.
    53 | D        | Found a white marble altar of Elyvilon.
    53 | D        | Found a blossoming altar of Fedhas.
    53 | D        | Found an opulent altar of Gozag.
    54 | D        | Found a hazy altar of Hepliaklqana.
    55 | D        | Found a viscous altar of Jiyva.
    56 | D        | Found an ancient bone altar of Kikubaaqudgha.
    57 | D        | Found a corrupted altar of Lugonu.
    58 | D        | Found a burning altar of Makhleb.
    59 | D        | Found a sparkling altar of Nemelex Xobeh.
    60 | D        | Found an iron altar of Okawaru.
    61 | D        | Found a stormy altar of Qazlal.
    62 | D        | Found a sacrificial altar of Ru.
    63 | D        | Found a deep blue altar of Sif Muna.
    64 | D        | Found a bloodstained altar of Trog.
    65 | D        | Found a hide-covered altar of Uskayaw.
    66 | D        | Became a worshipper of Makhleb the Destroyer
   107 | D        | Found a radiant altar of Vehumet.
   108 | D        | Found an ornate altar of the Wu Jian Council.
   109 | D        | Found a shimmering altar of Xom.
   110 | D        | Found a basalt altar of Yredelemnul.
   111 | D        | Found a glowing silver altar of Zin.
   112 | D        | Found a glowing golden altar of the Shining One.
   129 | D        | Found the +7 lajatang of Order {silver, rMut}
   163 | D        | Noticed a big kobold
   163 | D        | Noticed a sky beast
   171 | D        | Reached XP level 5. HP: 49/52 MP: 4/4
   177 | D        | Reached * piety under Makhleb
   177 | D        | Reached skill level 5 in Staves
   182 | D        | Killed a sky beast
   182 | D        | Reached XP level 6. HP: 53/62 MP: 5/5
   183 | D        | Reached ** piety under Makhleb
   228 | D        | Noticed a white ugly thing
   228 | D        | Noticed a vampire mosquito
   228 | D        | Noticed a centaur warrior
   228 | D        | Noticed a hippogriff
   231 | D        | Killed a white ugly thing
   231 | D        | Reached skill level 10 in Fighting
   231 | D        | Reached skill level 10 in Armour
   231 | D        | Reached skill level 1 in Dodging
   231 | D        | Reached XP level 7. HP: 72/72 MP: 6/6
   243 | D        | Killed a vampire mosquito
   252 | D        | Killed a centaur warrior
   252 | D        | Reached *** piety under Makhleb
   252 | D        | Reached XP level 8. HP: 82/82 MP: 7/7
   257 | D        | Killed a hippogriff
   379 | D        | Noticed a five-headed hydra
   383 | D        | Reached **** piety under Makhleb
   383 | D        | Reached skill level 15 in Staves
   390 | D        | Killed a nine-headed hydra
   390 | D        | Reached XP level 9. HP: 79/91 MP: 8/8
   402 | D        | Reached ***** piety under Makhleb
   507 | D        | Noticed a black mamba
   517 | D        | Noticed a rime drake
   524 | D        | Killed a black mamba
   530 | D        | Reached XP level 10. HP: 88/102 MP: 9/9
   727 | D        | Noticed a spiny frog
   730 | D        | Killed a spiny frog
   730 | D        | Reached ****** piety under Makhleb
   732 | D        | Noticed a spiny frog
   738 | D        | Noticed a spiny frog
   743 | D        | Reached skill level 15 in Fighting
   750 | D        | Reached skill level 1 in Stealth
   755 | D        | Killed a spiny frog
   760 | D        | Killed a spiny frog
   760 | D        | Reached skill level 15 in Armour
   760 | D        | Reached skill level 5 in Dodging
  1218 | D        | Noticed an orc knight
  1228 | D        | Killed an orc knight
  1287 | D        | Noticed an orc knight
  1291 | D        | Killed an orc knight
  1312 | D        | Reached XP level 11. HP: 117/117 MP: 10/10
  1342 | D        | Found Asumo's Antique Armour Emporium.
  1342 | D        | Noticed an orc knight
  1342 | D        | Noticed an orc knight
  1342 | D        | Noticed an orc knight
  1342 | D        | Noticed an orc knight
  1342 | D        | Noticed an orc knight
  1349 | D        | Killed an orc knight
  1357 | D        | Killed an orc knight
  1358 | D        | Found Neunefo's Assorted Antiques.
  1364 | D        | Killed an orc knight
  1371 | D        | Killed an orc knight
  1381 | D        | Killed an orc knight
  1384 | D        | Found Icimaria's Assorted Antiques.
  1395 | D        | Found Cicvakk's Jewellery Shoppe.
  1556 | D        | Bought an embroidered scarf for 152 gold pieces
  1598 | D        | Noticed an orc knight
  1601 | D        | Noticed an orc knight
  1605 | D        | Killed an orc knight
  1612 | D        | Killed an orc knight
  1690 | D        | Bought a potion of heal wounds for 110 gold pieces
  1696 | D        | Bought an uncursed ring of protection from magic for 350 gold pieces
  1696 | D        | Bought a +5 amulet of reflection for 576 gold pieces
  1717 | D        | Noticed Harold
  1726 | D        | Killed Harold
  1798 | D        | Found the +8 trident of the Octopus King {venom, rElec rPois MR+}
  1895 | D        | Noticed a six-headed hydra
  1898 | D        | Noticed a catoblepas
  1900 | D        | Noticed an orc knight
  1902 | D        | Noticed an ogre mage
  1912 | D        | Noticed a hell knight
  1918 | D        | Killed an 11-headed hydra
  1954 | D        | Killed a catoblepas
  1965 | D        | Killed an orc knight
  1969 | D        | Killed an ogre mage
  1979 | D        | Killed a hell knight
  1979 | D        | Reached XP level 12. HP: 49/134 MP: 11/11
  2244 | D        | Noticed a frost giant
  2245 | D        | Noticed a stone giant
  2247 | D        | Noticed a rakshasa
  2251 | D        | Killed a frost giant
  2260 | D        | Killed a stone giant
  2260 | D        | Reached skill level 5 in Stealth
  2272 | D        | Killed a rakshasa
  2476 | D        | Noticed Agnes
  2482 | D        | Killed Agnes
  2572 | D        | Noticed Saint Roka
  2595 | D        | Killed Saint Roka
  2829 | D        | Noticed Nessos
  2839 | D        | Killed Nessos
  3032 | D        | Noticed a naga warrior
  3032 | D        | Noticed a naga warrior
  3041 | D        | Killed a naga warrior
  3045 | D        | Noticed a naga warrior
  3058 | D        | Killed a naga warrior
  3058 | D        | Reached XP level 13. HP: 110/148 MP: 12/12
  3356 | D        | Noticed a merfolk impaler
  3356 | D        | Noticed a merfolk javelineer
  3367 | D        | Killed a merfolk impaler
  3373 | D        | Killed a merfolk javelineer
  3535 | D        | Noticed an entropy weaver
  3546 | D        | Killed an entropy weaver
  3562 | D        | Killed a ghost moth
  3666 | D        | Noticed a thorn hunter
  3674 | D        | Killed a thorn hunter
  3685 | D        | Paralysed by a hornet for 2 turns
  3733 | D        | Paralysed by a hornet for 1 turns
  3902 | D        | Noticed a red very ugly thing
  3910 | D        | Killed a red very ugly thing
  3911 | D        | Noticed a fire dragon
  3922 | D        | Reached skill level 10 in Shields
  3930 | D        | Reached XP level 14. HP: 166/166 MP: 13/13
  3958 | D        | Reached skill level 27 in Fighting
  4044 | D        | Noticed a frost giant
  4053 | D        | Killed a frost giant
  4142 | D        | Noticed a vault warden
  4142 | D        | Noticed an ironheart preserver
  4149 | D        | Killed a vault warden
  4160 | D        | Killed an ironheart preserver
  4165 | D        | Noticed an ironheart preserver
  4185 | D        | Killed an ironheart preserver
  4186 | D        | Noticed a vault warden
  4216 | D        | Killed a vault warden
  4319 | D        | Noticed Nikola
  4328 | D        | Killed Nikola
  4363 | D        | Noticed Xtahua
  4363 | D        | Paralysed by Xtahua for 7 turns
  4377 | D        | Paralysed by Xtahua for 2 turns
  4385 | D        | Paralysed by Xtahua for 4 turns
  4391 | D        | Killed Xtahua
  4391 | D        | Reached skill level 27 in Armour
  4391 | D        | Reached skill level 15 in Shields
  4753 | D        | Found the +9 heavy crossbow "Sniper" {velocity, Acc+∞ SInv}
  4851 | D        | Noticed Boris
  4868 | D        | Killed Boris
  4946 | D        | Noticed a nagaraja
  4946 | D        | Noticed a nagaraja
  4946 | D        | Noticed a nagaraja
  4946 | D        | Noticed a nagaraja
  4947 | D        | Noticed a nagaraja
  4950 | D        | Noticed a nagaraja
  4952 | D        | Killed a nagaraja
  4952 | D        | Reached XP level 15. HP: 169/174 MP: 13/16
  4959 | D        | Killed a nagaraja
  4960 | D        | Noticed a nagaraja
  4966 | D        | Killed a nagaraja
  4966 | D        | Reached skill level 5 in Invocations
  4972 | D        | Killed a nagaraja
  4972 | D        | Reached skill level 10 in Dodging
  4972 | D        | Reached skill level 5 in Evocations
  4976 | D        | Killed a nagaraja
  4988 | D        | Killed a nagaraja
  4990 | D        | Noticed a nagaraja
  4992 | D        | Killed a nagaraja
  4997 | D        | Killed a nagaraja
  5008 | D        | Reached skill level 10 in Invocations
  5021 | D        | Got a serpentine rune of Zot
  5194 | D        | Reached skill level 10 in Evocations
  5199 | D        | Slain by an emperor scorpion

Skill      XL: |  1  2  3  4  5  6  7  8  9 10 11 12 13 14 15 |
---------------+----------------------------------------------+-----
Fighting       | 4 5 7 8 10 11 12 13 17 20 23 26 27 | 27.0
Armour         | 4 5 6 7 9 10 11 12 13 16 18 21 23 27 | 27.0
Shields        | 4 5 6 7 10 17 | 17.5
Long Blades    | 3 4 |  4.8
Staves         | 3 7 11 14 16 17 | 17.3
Dodging        | 1 2 3 4 5 7 8 9 10 | 10.3
Stealth        | 1 4 7 8 |  8.4
Invocations    | 2 11 | 11.2
Evocations     | 2 10 | 10.3

Action                   |  1- 3 |  4- 6 |  7- 9 | 10-12 | 13-15 || total
-------------------------+-------+-------+-------+-------+-------++-------
Melee: Long sword        |    31 |       |       |       |       ||    31
       Headbutt          |     5 |     2 |    15 |    67 |   130 ||   219
       Lajatang          |       |    22 |    72 |   290 |   454 ||   838
  Use: Potion            |     1 |       |     1 |     2 |     6 ||    10
       Scroll            |       |       |       |     1 |       ||     1
 Stab: Petrified         |       |       |       |     2 |       ||     2
       Held in net/web   |       |       |       |     1 |       ||     1
       Petrifying        |       |       |       |     1 |       ||     1
  Eat: Chunk             |       |       |       |     7 |     5 ||    12
       Ration            |       |       |       |       |     1 ||     1
Armor: Scale mail        |    18 |       |       |       |       ||    18
       Chain mail        |       |     6 |    37 |    20 |       ||    63
       Plate armour      |       |       |       |    59 |   243 ||   302
Dodge: Dodged            |     6 |    11 |    27 |    65 |   173 ||   282
Block: Shield            |    15 |       |       |       |       ||    15
       Other             |       |       |       |    12 |    60 ||    72
       Reflection        |       |       |       |     1 |     1 ||     2
       Rpst.: Long sword |     4 |       |       |       |       ||     4
